| TOP OF THE 1ST |
|
Los Angeles Dodgers batting - Pitching for New York Mets : RHP Andy Reinhardt
|
|
Pitching: RHP Andy Reinhardt
|
|
|
Batting: RHB Clay Buchanan
|
0-0: Ball 1-0: Swinging Strike 1-1: Called Strike 1-2: Strikes out swinging
|
|
Batting: RHB Tsutomu Irie
|
0-0: Ball 1-0: Called Strike 1-1: Foul Ball, location: 2F 1-2: Strikes out swinging passed ball, reaches first!
|
|
Batting: LHB Lirak Bazhunaishvili
|
0-0: Ball 1-0: Ball 2-0: Foul Ball, location: 2F 2-1: Ball Tsutomu Irie is caught stealing 2nd base 2-6 3-1: Foul Ball, location: 2F 3-2: Base on Balls
|
|
Batting: SHB Shane Marcum
|
0-0: Ball 1-0: Ball 2-0: Ball 3-0: Called Strike 3-1: Base on Balls Lirak Bazhunaishvili to second
|
|
Batting: LHB Juan Concepcion
|
0-0: Ball 1-0: Ball 2-0: Foul Ball, location: 2F 2-1: Ball 3-1: Foul Ball, location: 2F 3-2: Foul Ball, location: 2F 3-2: Strikes out swinging
|
| Top of the 1st over - 0 runs, 0 hits, 0 errors, 2 left on base; Los Angeles 0 - New York 0 |
| BOTTOM OF THE 1ST |
|
New York Mets batting - Pitching for Los Angeles Dodgers : RHP Jeremy Stock
|
|
Pitching: RHP Jeremy Stock
|
|
|
Batting: RHB Finn Ross
|
0-0: Ball 1-0: Ball 2-0: DOUBLE (Line Drive, 7LM, EV 99.4 MPH)
|
|
Batting: SHB Javy Rosa
|
0-0: Called Strike 0-1: Fly out, F7 (Line Drive, 78M, EV 102.5 MPH)
|
|
Batting: SHB Sean Cook
|
0-0: Ball Finn Ross is caught stealing 3rd base 2-5 1-0: Ball 2-0: Ball 3-0: Base on Balls
|
|
Batting: LHB Kevin Bellman
|
0-0: Foul Ball, location: 2F 0-1: Ball 1-1: Called Strike 1-2: Strikes out swinging
|
| Bottom of the 1st over - 0 runs, 1 hit, 0 errors, 1 left on base; Los Angeles 0 - New York 0 |
| TOP OF THE 2ND |
|
Los Angeles Dodgers batting - Pitching for New York Mets : RHP Andy Reinhardt
|
|
Batting: LHB Stephen Van Raalte
|
0-0: Called Strike 0-1: Ball 1-1: Ball 2-1: Called Strike 2-2: Foul Ball, location: 2F 2-2: Ball 3-2: Base on Balls
|
|
Batting: RHB Tim Nettles
|
0-0: Bunted foul 0-1: Sac Bunt to 13S - play at second, runner OUT! 1-6
|
|
Batting: RHB Ben Mischnick
|
0-0: Foul Ball, location: 2F 0-1: Ground out 4-3 (Groundball, 34S, EV 80.0 MPH) Tim Nettles to second
|
|
Batting: RHB John Piccolo
|
0-0: SINGLE (Flyball, 8LS, EV 91.2 MPH) - OUT at second base trying to stretch hit. Tim Nettles scores
|
| Top of the 2nd over - 1 run, 1 hit, 0 errors, 0 left on base; Los Angeles 1 - New York 0 |
| BOTTOM OF THE 2ND |
|
New York Mets batting - Pitching for Los Angeles Dodgers : RHP Jeremy Stock
|
|
Batting: RHB Drtian Thaqi
|
0-0: Ball 1-0: Called Strike 1-1: Ball 2-1: Ball 3-1: Fly out, F9 (Flyball, 89M, EV 91.2 MPH)
|
|
Batting: RHB Billy Walker
|
0-0: Ball 1-0: Called Strike 1-1: Called Strike 1-2: Ground out 3-1 (Groundball, 34, EV 85.6 MPH)
|
|
Batting: SHB Roberto Magne
|
0-0: Called Strike 0-1: Swinging Strike 0-2: Ball 1-2: Foul Ball, location: 2F 1-2: Strikes out swinging
|
| Bottom of the 2nd over - 0 runs, 0 hits, 0 errors, 0 left on base; Los Angeles 1 - New York 0 |
| TOP OF THE 3RD |
|
Los Angeles Dodgers batting - Pitching for New York Mets : RHP Andy Reinhardt
|
|
Batting: RHB Clay Buchanan
|
0-0: Foul Ball, location: 2F 0-1: Ball 1-1: Ball 2-1: Ball 3-1: Called Strike 3-2: Base on Balls
|
|
Batting: RHB Tsutomu Irie
|
0-0: Called Strike 0-1: Ball 1-1: Called Strike 1-2: SINGLE (Groundball, 56D, EV 105.0 MPH) Clay Buchanan to second
|
|
Batting: LHB Lirak Bazhunaishvili
|
0-0: Called Strike 0-1: Foul Ball, location: 2F 0-2: Ball 1-2: Strikes out looking
|
|
Batting: SHB Shane Marcum
|
0-0: Ball 1-0: Fly out, F8 (Flyball, 8LD, EV 90.6 MPH)
|
|
Batting: LHB Juan Concepcion
|
0-0: Foul Ball, location: 2F 0-1: Foul Ball, location: 2F 0-2: SINGLE (Flyball, 56D, EV 96.2 MPH) Clay Buchanan to third Tsutomu Irie to second Runner from 3rd tries for Home, SAFE, throw by LF to home
|
|
Batting: LHB Stephen Van Raalte
|
0-0: Called Strike 0-1: Foul Ball, location: 2F 0-2: Ball 1-2: Foul Ball, location: 2F 1-2: Ball 2-2: Strikes out looking
|
| Top of the 3rd over - 1 run, 2 hits, 0 errors, 2 left on base; Los Angeles 2 - New York 0 |
| BOTTOM OF THE 3RD |
|
New York Mets batting - Pitching for Los Angeles Dodgers : RHP Jeremy Stock
|
|
Batting: RHB Jordan Fairburn
|
0-0: Called Strike 0-1: Ball 1-1: Ball 2-1: Ball 3-1: Foul Ball, location: 2F 3-2: Strikes out swinging
|
|
Batting: RHB Mike Phillips
|
0-0: Called Strike 0-1: Ball 1-1: Ball 2-1: Called Strike 2-2: Ball 3-2: Strikes out looking
|
|
Batting: RHB Finn Ross
|
0-0: Ball 1-0: Ball 2-0: Ball 3-0: Called Strike 3-1: SINGLE (Groundball, 34D, EV 96.2 MPH)
|
|
Batting: SHB Javy Rosa
|
0-0: Foul Ball, location: 2F 0-1: Swinging Strike 0-2: Ground out 4-3 (Groundball, 4, EV 86.2 MPH)
|
| Bottom of the 3rd over - 0 runs, 1 hit, 0 errors, 1 left on base; Los Angeles 2 - New York 0 |
| TOP OF THE 4TH |
|
Los Angeles Dodgers batting - Pitching for New York Mets : RHP Andy Reinhardt
|
|
Batting: RHB Tim Nettles
|
0-0: Called Strike 0-1: Swinging Strike 0-2: SINGLE (Groundball, 6S, EV 71.9 MPH) (infield hit)
|
|
Batting: RHB Ben Mischnick
|
0-0: Called Strike 0-1: Foul Ball, location: 2F 0-2: Ball 1-2: Ball 2-2: Fly out, F9 (Line Drive, 89M, EV 85.0 MPH)
|
|
Batting: RHB John Piccolo
|
0-0: Ball 1-0: Swinging Strike 1-1: Foul Ball, location: 2F 1-2: Foul Ball, location: 2F 1-2: Strikes out looking
|
|
Batting: RHB Clay Buchanan
|
0-0: Ball Tim Nettles is caught stealing 2nd base 2-4
|
| Top of the 4th over - 0 runs, 1 hit, 0 errors, 0 left on base; Los Angeles 2 - New York 0 |
| BOTTOM OF THE 4TH |
|
New York Mets batting - Pitching for Los Angeles Dodgers : RHP Jeremy Stock
|
|
Batting: SHB Sean Cook
|
0-0: Ball 1-0: Ball 2-0: Swinging Strike 2-1: Foul Ball, location: 2F 2-2: Foul Ball, location: 2F 2-2: Ball 3-2: Base on Balls
|
|
Batting: LHB Kevin Bellman
|
0-0: Ball 1-0: Ball 2-0: Foul Ball, location: 2F 2-1: Called Strike 2-2: Fly out, F8 (Flyball, 8LM, EV 77.5 MPH)
|
|
Batting: RHB Drtian Thaqi
|
0-0: Swinging Strike 0-1: Ball 1-1: SINGLE (Line Drive, 6MD, EV 105.6 MPH) Sean Cook to second
|
|
Batting: RHB Billy Walker
|
0-0: Ball 1-0: Ball 2-0: Foul Ball, location: 2F 2-1: Ball 3-1: Base on Balls Sean Cook to third Drtian Thaqi to second
|
|
Batting: SHB Roberto Magne
|
0-0: Called Strike 0-1: Called Strike 0-2: Ball 1-2: Fly out, F8 (Flyball, 8LM, EV 80.0 MPH)
|
|
Batting: RHB Jordan Fairburn
|
0-0: Ball 1-0: Ground out 5-3 (Groundball, 5S, EV 81.9 MPH)
|
| Bottom of the 4th over - 0 runs, 1 hit, 0 errors, 3 left on base; Los Angeles 2 - New York 0 |
| TOP OF THE 5TH |
|
Los Angeles Dodgers batting - Pitching for New York Mets : RHP Andy Reinhardt
|
|
Batting: RHB Clay Buchanan
|
0-0: Foul Ball, location: 2F 0-1: Foul Ball, location: 2F 0-2: SOLO HOME RUN (Flyball, 78XD, EV 116.2 MPH), Distance : 467 ft
|
|
Batting: RHB Tsutomu Irie
|
0-0: Called Strike 0-1: Ball 1-1: Ball 2-1: Ground out 5-3 (Groundball, 5L, EV 88.8 MPH)
|
|
Batting: LHB Lirak Bazhunaishvili
|
0-0: Called Strike 0-1: SINGLE (Line Drive, 7LS, EV 100.0 MPH)
|
|
Batting: SHB Shane Marcum
|
0-0: Swinging Strike 0-1: Fly out, F8 (Flyball, 8RD, EV 82.5 MPH)
|
|
Batting: LHB Juan Concepcion
|
0-0: Called Strike 0-1: Called Strike 0-2: Foul Ball, location: 2F 0-2: Ball 1-2: Foul Ball, location: 2F 1-2: Ball 2-2: Ball Lirak Bazhunaishvili steals 2nd base (no throw) 3-2: Base on Balls
|
|
Batting: LHB Stephen Van Raalte
|
0-0: Swinging Strike 0-1: Swinging Strike 0-2: Ball 1-2: Foul Ball, location: 2F 1-2: Foul Ball, location: 2F 1-2: Ball 2-2: Foul Ball, location: 2F 2-2: Strikes out swinging
|
| Top of the 5th over - 1 run, 2 hits, 0 errors, 2 left on base; Los Angeles 3 - New York 0 |
| BOTTOM OF THE 5TH |
|
New York Mets batting - Pitching for Los Angeles Dodgers : RHP Jeremy Stock
|
|
Batting: RHB Mike Phillips
|
0-0: Ball 1-0: Called Strike 1-1: Ball 2-1: Foul Ball, location: 2F 2-2: SINGLE (Groundball, 4M, EV 88.1 MPH) (infield hit)
|
|
Batting: RHB Finn Ross
|
0-0: Called Strike 0-1: Ball 1-1: Ball 2-1: Ball 3-1: Called Strike 3-2: Foul Ball, location: 2F 3-2: Grounds into double play, 3-6-3 (Groundball, 3, EV 103.1 MPH)
|
|
Batting: SHB Javy Rosa
|
0-0: Ball 1-0: Foul Ball, location: 2F 1-1: Foul Ball, location: 2F 1-2: Foul Ball, location: 2F 1-2: SINGLE (Flyball, 3D, EV 93.8 MPH)
|
|
Batting: SHB Sean Cook
|
0-0: Called Strike 0-1: Ball 1-1: Ball 2-1: Ball 3-1: Base on Balls Javy Rosa to second
|
|
Pitching: RHP Nate Allen
|
|
|
Batting: LHB Kevin Bellman
|
0-0: Ball 1-0: Foul Ball, location: 2F 1-1: Fielders Choice at 2nd, 5-4 (Groundball, 56, EV 101.9 MPH)
|
| Bottom of the 5th over - 0 runs, 2 hits, 0 errors, 2 left on base; Los Angeles 3 - New York 0 |
| TOP OF THE 6TH |
|
Los Angeles Dodgers batting - Pitching for New York Mets : RHP Andy Reinhardt
|
|
Pitching: RHP Hugo Valentin
|
|
|
Batting: RHB Tim Nettles
|
0-0: Called Strike 0-1: Called Strike 0-2: Foul Ball, location: 2F 0-2: Strikes out swinging
|
|
Batting: RHB Ben Mischnick
|
0-0: Ball 1-0: Ball 2-0: Foul Ball, location: 2F 2-1: Swinging Strike 2-2: Foul Ball, location: 2F 2-2: Foul Ball, location: 2F 2-2: Foul Ball, location: 2F 2-2: Ball 3-2: Base on Balls
|
|
Batting: RHB John Piccolo
|
0-0: Ball 1-0: Fly out, F9 (Flyball, 9D, EV 92.5 MPH)
|
|
Batting: RHB Clay Buchanan
|
0-0: Called Strike 0-1: Called Strike 0-2: Ball 1-2: Ball 2-2: 2-RUN HOME RUN (Flyball, 9LD, EV 91.9 MPH), Distance : 353 ft
|
|
Batting: RHB Tsutomu Irie
|
0-0: Ball 1-0: Called Strike 1-1: Foul Ball, location: 2F 1-2: Foul Ball, location: 2F 1-2: Strikes out looking
|
| Top of the 6th over - 2 runs, 1 hit, 0 errors, 0 left on base; Los Angeles 5 - New York 0 |
| BOTTOM OF THE 6TH |
|
New York Mets batting - Pitching for Los Angeles Dodgers : RHP Nate Allen
|
|
Batting: RHB Drtian Thaqi
|
0-0: Called Strike 0-1: Called Strike 0-2: Ball 1-2: Ball 2-2: Ball 3-2: Foul Ball, location: 2F 3-2: Foul Ball, location: 2F 3-2: SINGLE (Groundball, 6MD, EV 105.6 MPH)
|
|
Batting: RHB Billy Walker
|
0-0: Ball 1-0: Called Strike 1-1: Called Strike 1-2: Foul Ball, location: 2F 1-2: Foul Ball, location: 2F 1-2: Ball 2-2: Ball 3-2: Foul Ball, location: 2F 3-2: Grounds into double play, 4-6-3 (Groundball, 4MS, EV 84.4 MPH)
|
|
Batting: SHB Roberto Magne
|
0-0: Ball 1-0: Foul Ball, location: 2F 1-1: Ground out 6-3 (Groundball, 6M, EV 104.4 MPH)
|
| Bottom of the 6th over - 0 runs, 1 hit, 0 errors, 0 left on base; Los Angeles 5 - New York 0 |
| TOP OF THE 7TH |
|
Los Angeles Dodgers batting - Pitching for New York Mets : RHP Hugo Valentin
|
|
Batting: LHB Lirak Bazhunaishvili
|
0-0: Foul Ball, location: 2F 0-1: Fly out, F5 (Popup, 5S, EV 75.6 MPH)
|
|
Batting: SHB Shane Marcum
|
0-0: Called Strike 0-1: Ground out 6-3 (Groundball, 6M, EV 101.9 MPH)
|
|
Batting: LHB Juan Concepcion
|
0-0: Ball 1-0: Ball 2-0: Ground out 4-3 (Groundball, 4, EV 87.5 MPH)
|
| Top of the 7th over - 0 runs, 0 hits, 0 errors, 0 left on base; Los Angeles 5 - New York 0 |
| BOTTOM OF THE 7TH |
|
New York Mets batting - Pitching for Los Angeles Dodgers : RHP Nate Allen
|
|
Batting: RHB Jordan Fairburn
|
0-0: Ball 1-0: Ball 2-0: SINGLE (Groundball, 6M, EV 105.6 MPH) (infield hit)
|
|
Pitching: RHP Jon Schau
|
|
|
Batting: RHB Mike Phillips
|
0-0: Foul Ball, location: 2F 0-1: Foul Ball, location: 2F 0-2: Fly out, F7 (Flyball, 7, EV 92.5 MPH)
|
|
Batting: RHB Finn Ross
|
0-0: Ball 1-0: Ball 2-0: Called Strike 2-1: Fly out, F8 (Flyball, 8RXD, EV 99.4 MPH)
|
|
Batting: SHB Javy Rosa
|
0-0: Ball 1-0: Swinging Strike 1-1: Ball 2-1: Ground out 4-3 (Groundball, 4, EV 95.0 MPH)
|
| Bottom of the 7th over - 0 runs, 1 hit, 0 errors, 1 left on base; Los Angeles 5 - New York 0 |
| TOP OF THE 8TH |
|
Los Angeles Dodgers batting - Pitching for New York Mets : RHP Hugo Valentin
|
|
Batting: LHB Stephen Van Raalte
|
0-0: Fly out, F9 (Flyball, 89M, EV 89.4 MPH)
|
|
Batting: RHB Tim Nettles
|
0-0: Foul Ball, location: 2F 0-1: SOLO HOME RUN (Line Drive, 78XD, EV 102.5 MPH), Distance : 387 ft
|
|
Batting: RHB Ben Mischnick
|
0-0: Called Strike 0-1: Called Strike 0-2: Ball 1-2: Fly out, F7 (Flyball, 7LM, EV 95.6 MPH)
|
|
Batting: RHB John Piccolo
|
0-0: Called Strike 0-1: Ball 1-1: Ball 2-1: Called Strike 2-2: Ball 3-2: SOLO HOME RUN (Flyball, 8LXD, EV 114.4 MPH), Distance : 433 ft
|
|
Batting: RHB Clay Buchanan
|
0-0: Ball 1-0: Swinging Strike 1-1: Ground out 6-3 (Groundball, 6, EV 90.6 MPH)
|
| Top of the 8th over - 2 runs, 2 hits, 0 errors, 0 left on base; Los Angeles 7 - New York 0 |
| BOTTOM OF THE 8TH |
|
New York Mets batting - Pitching for Los Angeles Dodgers : RHP Jon Schau
|
|
Pinch Hitting: RHB Antonio Aranda
|
0-0: Ball 1-0: Swinging Strike 1-1: Called Strike 1-2: Strikes out swinging
|
|
Batting: LHB Kevin Bellman
|
0-0: Foul Ball, location: 2F 0-1: Foul Ball, location: 2F 0-2: Foul Ball, location: 2F 0-2: Ball 1-2: Foul Ball, location: 2F 1-2: Foul Ball, location: 2F 1-2: Foul Ball, location: 2F 1-2: Ball 2-2: Strikes out swinging
|
|
Batting: RHB Drtian Thaqi
|
0-0: Ball 1-0: Ball 2-0: Foul Ball, location: 2F 2-1: Foul Ball, location: 2F 2-2: Foul Ball, location: 2F 2-2: Ground out 5-3 (Groundball, 56, EV 86.2 MPH)
|
| Bottom of the 8th over - 0 runs, 0 hits, 0 errors, 0 left on base; Los Angeles 7 - New York 0 |
| TOP OF THE 9TH |
|
Los Angeles Dodgers batting - Pitching for New York Mets : RHP Hugo Valentin
|
|
Now in RF: Antonio Aranda
|
|
|
Batting: RHB Tsutomu Irie
|
0-0: Ball 1-0: Ball 2-0: Ball 3-0: Base on Balls
|
|
Pitching: LHP Sam Schrecengost
|
|
|
Batting: LHB Lirak Bazhunaishvili
|
0-0: Called Strike 0-1: Ball 1-1: Foul Ball, location: 2F 1-2: Ball 2-2: Fielders Choice at 2nd, 3-6 (Groundball, 3, EV 82.5 MPH)
|
|
DELAY
|
Rain delay of 8 minutes in the 9th inning.
|
|
Batting: SHB Shane Marcum
|
0-0: Swinging Strike 0-1: Foul Ball, location: 2F 0-2: Foul Ball, location: 2F 0-2: Ball 1-2: Foul Ball, location: 2F 1-2: Strikes out looking
|
|
Batting: LHB Juan Concepcion
|
0-0: Called Strike 0-1: Swinging Strike 0-2: Foul Ball, location: 2F 0-2: Strikes out swinging
|
| Top of the 9th over - 0 runs, 0 hits, 0 errors, 1 left on base; Los Angeles 7 - New York 0 |
| BOTTOM OF THE 9TH |
|
New York Mets batting - Pitching for Los Angeles Dodgers : RHP Jon Schau
|
|
Batting: RHB Billy Walker
|
0-0: Ball 1-0: Ball 2-0: Ball 3-0: Fly out, F7 (Flyball, 7, EV 90.0 MPH)
|
|
Batting: SHB Roberto Magne
|
0-0: Ball 1-0: Ball 2-0: Called Strike 2-1: Swinging Strike 2-2: Strikes out looking
|
|
Batting: RHB Jordan Fairburn
|
0-0: Ball 1-0: Called Strike 1-1: SINGLE (Line Drive, 9S, EV 110.6 MPH)
|
|
Batting: RHB Mike Phillips
|
0-0: Swinging Strike 0-1: Ball 1-1: Ball 2-1: Ball 3-1: Foul Ball, location: 2F 3-2: Base on Balls Jordan Fairburn to second
|
|
Pitching: RHP Craig Fallon
|
|
|
Batting: RHB Finn Ross
|
0-0: Called Strike 0-1: Ball 1-1: Foul Ball, location: 2F 1-2: Ball 2-2: Strikes out swinging
|
| Bottom of the 9th over - 0 runs, 1 hit, 0 errors, 2 left on base; Los Angeles 7 - New York 0 |
|